AoeStats
← kkkg

African Clearing

505413051Analyzed
2v2 RM · 23d ago on Sep 9, 2026· 25m 8s· 4 players
Game mode
Random Map
Map size
Medium (4 player)
Population
200
Speed
Normal
Resources
Standard
Victory
Conquest
Starting age
Dark Age
Ending age
Imperial Age
RankedLock teamsTeams togetherTeam positionsShared explorationLock speedFull tech treeHidden civsTurbo modeCheats
Victory
Defeat
🇵🇱 Franks · Poland
1074
+13
🇵🇱 Mongols · Poland
942
+18
🇹🇷 Ethiopians · Türkiye
1015
-16
🇨🇳 Bulgarians · China
993
-15
JiLeTT
12:59 Feudal Age
14:22 Double-Bit Axe
14:30 Gold Mining
22:06 Castle Age
22:59 Fletching
24:04 Wheelbarrow
kkkg
kubeszek
14:12 Feudal Age
15:24 Loom
16:06 Forging
15:52 Double-Bit Axe
16:20 Scale Barding Armor
23:46 Castle Age
23:12 Gold Mining
25:13 Iron Casting
24:58 Chain Barding Armor
Xemcio
12:00 Feudal Age
11:22 Loom
13:32 Wheelbarrow
16:00 Fletching
18:53 Castle Age
17:10 Double-Bit Axe
17:48 Fletching
18:34 Gold Mining
18:40 Stone Mining
18:59 Scale Barding Armor
23:35 Stone Shaft Mining
Connection lost

Rejoining the realm…

Still unreachable

The connection could not be restored.

Session expired

The server has moved on; the page needs a fresh start.